 Dungeon Crawl Stone Soup version 0.28.0 (webtiles) character file.

Game seed: 7819794688529489011

98 oldriver the Vandal (level 5, 0/29 (41) HPs)
             Began as a Formicid Hunter on Feb 14, 2022.
             Slain by an orc wizard (1 damage)
             ... on level 3 of the Dungeon.
             The game lasted 00:04:35 (3313 turns).

oldriver the Vandal (Formicid Hunter)               Turns: 3313, Time: 00:04:35

HP:   0/29 (41)     AC:  3    Str: 15 (18) XL:     5   Next: 1%
MP:   5/5           EV: 11    Int:  9 (11) God:
Gold: 115           SH:  3    Dex:  9 (11) Spells: 4/4 levels left

rFire   . . .      SeeInvis +   a - +1 hunting sling
rCold   . . .      Faith    .   m - +0 buckler
rNeg    . . .      Spirit   .   c - +0 leather armour
rPois   .          Reflect  .   (helmet unavailable)
rElec   .          Harm     .   (no cloak)
rCorr   .          Rampage  .   (no gloves)
Will    .....                   (no boots)
Stlth   ++........              (no amulet)
HPRegen 0.09/turn               h - ring of flight
MPRegen 0.09/turn               (no ring)

@: flying, very heavily drained
A: permanent stasis, dig shafts and tunnels, antennae 3, four strong arms
a: Dig, Shaft Self


You were on level 3 of the Dungeon.
You visited 1 branch of the dungeon, and saw 3 of its levels.

You collected 115 gold pieces.

Inventory:

Hand Weapons
 a - a +1 hunting sling (weapon)
 b - a +1 dagger of draining
Missiles
 d - 48 sling bullets
 e - 31 stones (quivered ammo)
 i - 3 poisoned darts
Armour
 c - a +0 leather armour (worn)
 l - a scarf of harm
 m - a +0 buckler (worn)
Jewellery
 h - a ring of flight (left hand)
 j - an amulet of regeneration
Wands
 n - a wand of acid (5)
Scrolls
 f - a scroll of noise {unknown}
 k - a scroll of enchant weapon {unknown}
Potions
 o - a potion of degeneration


   Skills:
 + Level 3.3 Fighting
 + Level 5.0 Slings
 - Level 1.7 Dodging
 + Level 3.2 Stealth
 + Level 1.7 Shields


You had 4 spell levels left.
You didn't know any spells.
Your spell library contained the following spells:

 Spells                   Type           Power      Damage    Failure   Level
 Apportation              Tloc           0%         N/A       54%         1
 Alistair's Intoxication  Tmut/Pois      0%         N/A       100%        5


Dungeon Overview and Level Annotations

Branches:
Dungeon (3/15)

Altars:

Shops:
D:1 !


Innate Abilities, Weirdness & Mutations

You cannot be hasted, slowed, berserked, paralysed or teleported.
You can dig through walls and to a lower floor.
You have a pair of large antennae on your head. (SInv)
Your four strong arms can wield two-handed weapons with a shield.


Message History

You feel drained.
Fire: 49 sling bullets
Press: ? - help, Shift-Dir - straight line, f/p - orc
Aim: an orc, wielding a +0 whip and wearing a +0 scale mail (moderately wounded, 63% to hit)
You shoot a sling bullet.
The sling bullet hits the orc wizard but does no damage.
The orc wizard is moderately wounded.
The orc wizard hits you with a +2 dagger of draining.
* * * LOW HITPOINT WARNING * * *
You feel drained.
Press: ? - help, v - describe, . - travel, g - get item
Here: an orc wizard, wielding a +2 dagger of draining and wearing a +0 robe (moderately wounded, slightly transparent) Item here: a sling bullet.
The floor.
Unknown command.
Throw: 5 darts (poison)
Press: ? - help, Shift-Dir - straight line, f/p - orc
Aim: an orc, wielding a +0 whip and wearing a +0 scale mail (moderately wounded, 60% to hit)
You throw a poisoned dart. The poisoned dart hits the orc wizard.
The orc wizard is moderately wounded.
The orc wizard hits you but does no damage.
You feel drained.
Throw: 4 darts (poison)
Press: ? - help, Shift-Dir - straight line, f/p - orc
Aim: an orc, wielding a +0 whip and wearing a +0 scale mail (moderately wounded, 60% to hit)
You throw a poisoned dart. The poisoned dart hits the orc wizard!
The orc wizard is poisoned.
The orc wizard is moderately wounded.
The orc wizard hits you with a +2 dagger of draining.
* * * LOW HITPOINT WARNING * * *
You feel drained.
* * * LOW HITPOINT WARNING * * *
Okay, then.
Okay, then.
As you read the scroll labelled IHEBBYSKIYSS, it crumbles to dust.
You feel a strange sense of stasis.
It was a scroll of teleportation.
The orc wizard hits you with a +2 dagger of draining.
* * * LOW HITPOINT WARNING * * *
You feel drained.
You die...

......#####..##)# ##.# ......#
#.....# #..# .....#######....#
##.## ....#...........# #..#
#..##...........###########†##
#...........................#
#.# #..........#.############
#.# #..........#.#
#.###..........#@#
...............#o#
...............#o#
†..............#(#
...............#(#
##....##########.# ####.# #.#
#..# #(# ##... #.#


You could see an orc wizard (invisible, very poisoned) and an orc.

Vanquished Creatures
  4 adders
  A worm (D:2)
  6 orcs
  4 ball pythons
  2 endoplasms (D:2)
  2 giant cockroaches
  4 goblins
  6 hobgoblins
  3 jackals
  3 kobolds
  2 quokkas
  4 bats
  6 frilled lizards
  4 rats
51 creatures vanquished.

Notes
Turn   | Place    | Note
-------+----------+-------------------------------------------
     0 | D:1      | oldriver the Formicid Hunter began the quest for the Orb.
     0 | D:1      | Reached XP level 1. HP: 16/16 MP: 1/1
   300 | D:1      | Reached XP level 2. HP: 14/23 MP: 2/2
   575 | D:1      | Found Mus Cuq's Distillery.
   586 | D:1      | Found a faded altar of an unknown god.
  1305 | D:2      | Reached XP level 3. HP: 25/28 MP: 3/3
  2247 | D:2      | Reached skill level 1 in Shields
  2247 | D:2      | Reached XP level 4. HP: 24/35 MP: 4/4
  3051 | D:3      | Reached skill level 5 in Slings
  3309 | D:3      | Reached XP level 5. HP: 10/35 MP: 5/5
  3313 | D:3      | HP: 1/30 [orc wizard (2)]
  3313 | D:3      | Slain by an orc wizard

Illustrated notes

Levels and vault maps discovered:
D:1:      dpeg_arrival_concentric_ovals, layout_loops_ring,
          shapermc_ecumenical_altar_acropolis, serial_shops, nicolae_shop_trees,
          minmay_misc_feat_diagonals, nicolae_figureground_pulse
D:2:      layout_basic, corexii_corridor_pit
D:3:      layout_rooms, minmay_pentomino_pile

Skill      XL: |  1  2  3  4 |
---------------+-------------+-----
Stealth        | 2 3 |  3.2
Fighting       | 3 |  3.3
Shields        | 1 |  1.7
Slings         | 5 |  5.0
Dodging        | |  1.7

Action                   |  1- 3 |  4- 6 || total
-------------------------+-------+-------++-------
Melee: Short sword       |     7 |       ||     7
       Dagger            |    73 |    25 ||    98
       Hunting sling     |       |     3 ||     3
 Fire: Hunting sling     |    15 |    41 ||    56
Throw: Dart              |       |     2 ||     2
Evoke: Wand              |       |     3 ||     3
  Use: Potion            |       |     4 ||     4
       Scroll            |       |     1 ||     1
 Stab: Sleeping          |     1 |       ||     1
Armor: Leather armour    |    18 |    12 ||    30
Dodge: Dodged            |    36 |    25 ||    61
Block: Buckler           |     5 |     7 ||    12
